 Dungeon Crawl Stone Soup version 0.30-a0-305-g026cb31310 (webtiles) character file.

Game seed: 8641220706337078166

169817 MrRokkomies the Impassioned (level 17, -4/149 HPs)
             Began as an Armataur Delver on Oct 20, 2022.
             Was an Initiate of Uskayaw.
             Slain by an emperor scorpion simulacrum (14 damage)
             ... on level 4 of the Spider Nest on Oct 21, 2022.
             The game lasted 01:42:20 (34444 turns).

MrRokkomies the Impassioned (Armataur Delver)      Turns: 34444, Time: 01:42:21

Health: -4/149     AC: 25    Str: 19    XL:     17   Next: 36%
Magic:  22/29      EV: 11    Int: 11    God:    Uskayaw [......]
Gold:   1167       SH: 10    Dex: 21    Spells: 16/16 levels left

rFire   + + .      SeeInvis +    f - +1 rapier (distort)
rCold   + . .      Faith    .    I - +0 kite shield
rNeg    + + +      Spirit   .    T - +5 ring mail "Didd" {rPois rN+}
rPois   +          Reflect  .    Y - +2 helmet {SInv}
rElec   +          Harm     .    U - scarf {rC+ rF+}
rCorr   .          Roll     +    O - +1 pair of gloves {Dex+3}
Will    ++...                    u - +1 barding of the Ego {+Blink rN+}
Stlth   +++++.....               i - amulet of the acrobat
HPRegen 0.44/turn                C - ring of Reimbursement {rElec rF+ rN+}
MPRegen 0.21/turn                q - ring of willpower

@: no status effects
A: large, rugged brown scales 3, deformed body, armoured tail, roll, long
tongue, awkward tongue
a: Renounce Religion, Evoke Blink


You were on level 4 of the Spider Nest.
You worshipped Uskayaw.
Uskayaw was most pleased with you.
You visited 5 branches of the dungeon, and saw 27 of its levels.
You also visited: Ice Cave.

You collected 2788 gold pieces.
You spent 1621 gold pieces at shops.

Inventory:

Hand Weapons
 b - a +4 scimitar of flaming
 f - a +1 rapier of distortion (weapon)
Missiles
 c - 4 boomerangs of dispersal
 h - 3 atropa-tipped darts
 H - 3 javelins
 L - 5 boomerangs (quivered)
Armour
 u - the +1 barding of the Ego (worn) {+Blink rN+}
   (You acquired it on level 5 of the Dungeon)

   rN:        It protects you from negative energy.
   +Blink:    It lets you blink.
 v - a +2 barding of flying
 I - a +0 kite shield (worn)
 O - a +1 pair of gloves of dexterity (worn)
 T - the +5 ring mail "Didd" (worn) {rPois rN+}
   (You found it on level 5 of the Lair of Beasts)

   rPois:     It protects you from poison.
   rN:        It protects you from negative energy.
 U - a scarf of resistance (worn)
 Y - a +2 helmet of see invisible (worn)
Jewellery
 e - a ring of ice
 i - an amulet of the acrobat (around neck)
 k - a +4 ring of evasion
 q - a ring of willpower (right hand)
 r - a ring of fire
 C - the ring of Reimbursement (left hand) {rElec rF+ rN+}
   (You bought it in a shop on level 2 of the Orcish Mines)

   [ring of protection from fire]

   rF:        It protects you from fire.
   rElec:     It insulates you from electricity.
   rN:        It protects you from negative energy.
Wands
 g - a wand of digging (8)
 l - a wand of polymorph (1)
 t - a wand of charming (18)
 F - a wand of mindburst (9)
 Q - a wand of flame (9)
 Z - a wand of iceblast (5)
Scrolls
 a - a scroll of immolation
 d - 5 scrolls of enchant armour
 x - 3 scrolls of silence
 y - 3 scrolls of fear
 A - 4 scrolls of magic mapping
 E - 4 scrolls of amnesia
 G - 9 scrolls of teleportation
 J - 6 scrolls of fog
 N - 2 scrolls of blinking
 P - a scroll of brand weapon
 R - a scroll of enchant weapon
 S - a scroll of summoning
 V - 2 scrolls of poison
Potions
 m - 4 potions of brilliance
 n - a potion of magic
 o - 5 potions of curing
 p - 4 potions of flight
 s - 5 potions of ambrosia
 w - 3 potions of mutation
 z - 3 potions of berserk rage
 B - 4 potions of lignification
 D - a potion of haste
 M - a potion of might
 W - a potion of invisibility
Miscellaneous
 j - a condenser vane
 K - a phial of floods
 X - a piece from Xom's chessboard (15/15)


   Skills:
 - Level 10.0 Fighting
 + Level 13.4(14.0) Short Blades
 - Level 6.7(10.9) Long Blades
 * Level 6.2 Throwing
 - Level 10.5 Armour
 - Level 9.6 Dodging
 - Level 12.5 Stealth
 * Level 3.1 Shields
 - Level 16.0 Invocations
 + Level 8.9 Evocations


You had 16 spell levels left.
You didn't know any spells.
Your spell library contained the following spells:

 Spells                   Type           Power      Damage    Failure   Level
 Foxfire                  Conj/Fire      0%         2x1d4     78%         1
 Freeze                   Ice            0%         1d3       78%         1
 Sandblast                Erth           0%         2d4       78%         1
 Passwall                 Tmut/Erth      0%         N/A       89%         2
 Scorch                   Fire           0%         2d5       89%         2
 Frozen Ramparts          Ice            0%         1d1       98%         3
 Gell's Gravitas          Tloc           0%         N/A       98%         3
 Hailstorm                Conj/Ice       0%         3d3       98%         3
 Ignite Poison            Fire/Tmut/Pois 0%         N/A       98%         3
 Stone Arrow              Conj/Erth      0%         3d7       98%         3
 Teleport Other           Tloc           0%         N/A       98%         3
 Tukima's Dance           Hex            0%         N/A       98%         3
 Animate Dead             Necr           0%         N/A       100%        4
 Flame Wave               Conj/Fire      0%         2d4       100%        4
 Passage of Golubria      Tloc           0%         N/A       100%        4
 Sticky Flame             Conj/Fire      0%         2d3       100%        4
 Blade Hands              Tmut           0%         N/A       100%        5
 Borgnjor's Vile Clutch   Necr/Erth      0%         N/A       100%        5
 Irradiate                Conj/Tmut      0%         3d11      100%        5
 Silence                  Hex/Air        0%         N/A       100%        5
 Yara's Violent Unravell  Hex/Tmut       0%         3d3       100%        5
 Death Channel            Necr           0%         N/A       100%        6
 Dispersal                Tloc           0%         N/A       100%        6
 Dragon Form              Tmut           0%         N/A       100%        7
 Enfeeble                 Hex            0%         N/A       100%        7
 Ignition                 Fire           0%         3d3       100%        8
 Lehudib's Crystal Spear  Conj/Erth      0%         10d2      100%        8


Dungeon Overview and Level Annotations

Branches:
Dungeon (15/15)            Temple (1/1) D:4            Lair (5/5) D:9
 Shoals (0/4) Lair:3       Spider (4/4) Lair:3        Slime (0/5) Lair:5
    Orc (2/2) D:11            Elf (0/3) Orc:2        Vaults (0/5) D:14
 Depths (0/4) D:15          IceCv (visited)

Altars:
Ashenzari
Cheibriados
Dithmenos
Elyvilon
Fedhas
Gozag
Hepliaklqana
Kikubaaqudgha
Makhleb
Nemelex Xobeh
Okawaru
Qazlal
Ru
Sif Muna
Trog
Uskayaw
Vehumet
Wu Jian
Xom
Yredelemnul
Zin
The Shining One
Jiyva
Lugonu

Shops:
D:1 *   D:3 [   D:9 *[   D:13 [   Orc:2 ![==:

Portals:
Abyss: Lair:5

Annotations:
D:5 2 transporters, caelrath's ghost, novice TrTm
D:6 2 transporters
Lair:5 2 runed translucent doors, Morbidden's ghost, adept GnFi
Spider:3 Roxanne
Abyss:1 Agnes; Aizul


Innate Abilities, Weirdness & Mutations

You are completely covered in rugged brown scales. (AC +3, +7% HP)
Armour fits poorly on your strangely shaped body.
You have a long armoured tail.
You roll when moving toward enemies. (Rampage)
Your long tongue fully drains potion bottles. (2x potion effects)
Your tongue gives you trouble enunciating. (1.5x scroll delay)


Message History

The jumping spider leaps!
You can no longer pass through a line of other dancers.
The jumping spider closely misses you. You block the jumping spider's attack.
You block the jumping spider's attack. The jumping spider misses you. x2
The jumping spider bites you but does no damage.
You barely miss the jumping spider.
The jumping spider is moderately wounded.
The jumping spider pounces on you but does no damage.
The jumping spider barely misses you.
You barely miss the jumping spider. You tail-slap the jumping spider!
The jumping spider is severely wounded.
The jumping spider barely misses you.
The jumping spider bites you but does no damage.
You hit the jumping spider but do no damage.
The jumping spider is severely wounded.
The jumping spider leaps!
The jumping spider barely misses you.
The jumping spider bites you but does no damage.
You hit the emperor scorpion simulacrum.
The emperor scorpion simulacrum is heavily damaged.
The jumping spider pounces on you!
* * * LOW HITPOINT WARNING * * *
The jumping spider bites you but does no damage.
You hit the emperor scorpion simulacrum but do no damage.
Space warps horribly around the emperor scorpion simulacrum.
You tail-slap the emperor scorpion simulacrum.
The emperor scorpion simulacrum is severely damaged.
You block the emperor scorpion simulacrum's attack. x2
The emperor scorpion simulacrum claws you.
* * * LOW HITPOINT WARNING * * *
The emperor scorpion simulacrum freezes you!
You resist.
* * * LOW HITPOINT WARNING * * *
The jumping spider barely misses you.
The jumping spider bites you but does no damage.
You stomp with the beat, sending a shockwave through the revellers around you!
You kill the jumping spider!
The emperor scorpion simulacrum is severely damaged.
You can no longer stomp with the beat.
The emperor scorpion simulacrum hits you!
You die...

##...####...#
#...##^#...#
##....^....#
##........#
##......^#
#####^##..#
##[..###^..#
###...^##..###
#^.@....#.^.##
###.Z.....#....#
##.#..#^.......^#
##....^#^..^...#.#
###
##.!?).###..##..###
..#######.....##
########
..#.##.#..#####
#...Z.^...#
......#...#


You could see an emperor scorpion simulacrum.

Vanquished Creatures
  Bai Suzhen (Spider:4)
  Asterion (Spider:3)
  Gastronok (Lair:1)
  A frost giant (IceCv)
  3 emperor scorpions
  2 ghost moths (Spider:3)
  A broodmother (Spider:2)
  Nessos (D:12)
  3 spark wasps
  3 entropy weavers
  A great orb of eyes (D:15)
  2 vault guards (D:14)
  2 jorogumos
  3 centaur warriors
  3 ogre magi (Orc:2)
  8 hydras
  4 radroaches
  Erica (Lair:2)
  4 boulder beetles
  21 two-headed ogres
  19 death yaks
  3 thrashing horrors (Lair:5)
  A fire crab (shapeshifter) (Lair:5)
  4 pharaoh ants
  A sun moth (Spider:1)
  8 steelbarb worms
  2 orb spiders (Spider:3)
  2 orc knights
  6 deep elf pyromancers
  2 manticores
  18 wolf spiders
  16 ugly things
  A necromancer (Lair:4)
  2 orc sorcerers (D:14)
  6 elephants
  4 moths of wrath
  3 black mambas
  A centaur zombie (D:12)
  3 smoke demons (Lair:5)
  3 gargoyles
  An ice statue (IceCv)
  2 torpor snails
  10 cane toads
  A rime drake (Lair:2)
  A centaur skeleton (D:12)
  A yaktaur (shapeshifter) (Lair:5)
  4 komodo dragons
  2 demonic crawlers (Spider:1)
  3 ancient zymes (Lair:5)
  4 trolls
  A wolf spider simulacrum (D:13)
  3 meliai (D:14)
  A wind drake (shapeshifter) (D:10)
  Grinder (D:6)
  A merfolk (Lair:3)
  2 hornets
  19 blink frogs
  16 polar bears
  22 slime creatures
  27 tarantellas
  2 shadows
  11 culicivoras
  9 jumping spiders
  2 wraiths
  2 spriggans (Lair:5)
  74 yaks
  10 wyverns
  9 basilisks
  A ynoxinul (Lair:5)
  9 vampire mosquitoes
  41 redbacks
  4 swamp worms (Lair:2)
  A warg (Orc:2)
  An acid dragon (D:9)
  12 water moccasins
  Duvessa (D:6)
  A sky beast (D:6)
  12 small abominations (Lair:5)
  2 elephant zombies (Lair:4)
  18 orc warriors
  29 ogres
  A black bear (D:2)
  21 wolves
  17 centaurs
  9 kobold brigands
  A komodo dragon zombie (Lair:4)
  A necrophage (D:6)
  15 bullfrogs
  6 gnoll sergeants
  4 scorpions
  Dowan (D:6)
  An elephant simulacrum (Lair:5)
  9 killer bees
  4 electric eels
  5 howler monkeys
  3 hounds
  5 jellies
  A basilisk zombie (Lair:4)
  12 orc priests
  A gnoll bouda (D:5)
  15 orc wizards
  A boggart zombie (D:12)
  2 iguanas (D:6)
  A boggart simulacrum (D:12)
  3 adders
  11 gnolls
  A shadow imp (D:7)
  3 white imps
  3 worms
  3 dart slugs
  46 orcs
  12 ball pythons
  4 bats
  8 endoplasms
  3 giant cockroaches
  10 goblins
  12 hobgoblins
  12 jackals
  17 kobolds
  3 quokkas
  4 frilled lizards
  7 rats
  2 butterflies (Lair:1)
844 creatures vanquished.

Vanquished Creatures (collateral kills)
  2 ogres (Orc:2)
2 creatures vanquished.

Vanquished Creatures (others)
  A centaur warrior (D:15)
  A culicivora (Spider:2)
  A small abomination (Lair:5)
  2 orcs (Orc:2)
  33 fungi
  45 plants
83 creatures vanquished.

Grand Total: 929 creatures vanquished

Notes
Turn   | Place    | Note
-------+----------+-------------------------------------------
     0 | D:5      | MrRokkomies the Armataur Delver began the quest for the
                  | Orb.
     0 | D:5      | Reached XP level 1. HP: 19/19 MP: 1/1
    21 | D:5      | Noticed a jelly
    60 | D:5      | Reached XP level 2. HP: 10/26 MP: 2/2
   150 | D:5      | Found a transporter.
   151 | D:5      | Found a transporter.
   152 | D:5      | Noticed caelrath's ghost (novice TrTm)
   153 | D:5      | Noticed a killer bee
   153 | D:5      | Noticed a killer bee
   153 | D:5      | Noticed a killer bee
   155 | D:5      | Noticed a killer bee
   162 | D:5      | Reached XP level 3. HP: 33/33 MP: 3/3
   341 | D:4      | Found a staircase to the Ecumenical Temple.
   472 | Temple   | Entered the Ecumenical Temple
   794 | D:4      | Reached XP level 4. HP: 19/40 MP: 4/4
  1017 | D:2      | Noticed a black bear
  1033 | D:2      | Killed a black bear
  1034 | D:2      | Reached XP level 5. HP: 40/49 MP: 5/5
  1706 | D:1      | Found Iwatz's General Store.
  1725 | D:1      | Bought a scroll of identify for 26 gold pieces
  1725 | D:1      | Bought a scroll of identify for 26 gold pieces
  1725 | D:1      | Bought a potion of curing for 39 gold pieces
  2695 | D:3      | Found a hide-covered altar of Uskayaw.
  2695 | D:3      | Found a sacrificial altar of Ru.
  2701 | D:3      | Became a worshipper of Uskayaw the Reveller
  2782 | D:3      | Reached * piety under Uskayaw
  2814 | D:3      | Found a burning altar of Makhleb.
  3018 | D:3      | Reached XP level 6. HP: 55/55 MP: 6/6
  3236 | D:3      | Found Reovycor's Antique Armour Shoppe.
  3240 | D:3      | Bought an ominously black robe for 131 gold pieces
  3240 | D:3      | Identified the +1 robe of Hairy the Leaf {rN+ Int+3} (You
                  | bought it in a shop on level 3 of the Dungeon)
  4010 | D:5      | Reached ** piety under Uskayaw
  4014 | D:5      | Reached skill level 1 in Invocations
  4306 | D:5      | Reached XP level 7. HP: 17/64 MP: 8/8
  4637 | D:5      | Reached *** piety under Uskayaw
  4639 | D:5      | Reached skill level 5 in Fighting
  4656 | D:5      | Reached **** piety under Uskayaw
  4720 | D:5      | Identified a scroll of acquirement
  4720 | D:5      | Acquired the +1 barding of the Ego {+Blink rN+}
  4904 | D:5      | Reached skill level 2 in Invocations
  5061 | D:6      | Found a transporter.
  5064 | D:6      | Noticed a boulder beetle
  5066 | D:6      | Found an ornate altar of the Wu Jian Council.
  5067 | D:6      | Noticed a shadow
  5069 | D:6      | Noticed a troll
  5075 | D:6      | Reached skill level 5 in Short Blades
  5090 | D:6      | Reached XP level 8. HP: 47/73 MP: 9/9
  5396 | D:6      | Found a transporter.
  5525 | D:6      | Noticed Grinder
  5538 | D:6      | Killed Grinder
  5539 | D:6      | Reached skill level 3 in Invocations
  5634 | D:6      | Noticed Duvessa
  5634 | D:6      | Noticed Dowan
  5643 | D:6      | Killed Duvessa
  5654 | D:6      | Killed Dowan
  6194 | D:7      | Noticed a hornet
  6209 | D:7      | Killed a hornet
  6210 | D:7      | Reached XP level 9. HP: 83/83 MP: 11/11
  6252 | D:7      | Reached skill level 4 in Invocations
  6603 | D:7      | Found an ancient bone altar of Kikubaaqudgha.
  6607 | D:7      | Found a blossoming altar of Fedhas.
  6709 | D:7      | Found a glowing silver altar of Zin.
  6712 | D:7      | Found a bloodstained altar of Trog.
  6715 | D:7      | Found a glowing golden altar of the Shining One.
  6718 | D:7      | Found an iron altar of Okawaru.
  6952 | D:8      | Found an opulent altar of Gozag.
  7730 | D:8      | Found a shimmering altar of Xom.
  7920 | D:9      | Found a staircase to the Lair.
  8085 | D:9      | Reached skill level 5 in Invocations
  8093 | D:9      | Reached ***** piety under Uskayaw
  8231 | D:9      | Found a shadowy altar of Dithmenos.
  8231 | D:9      | Found a white marble altar of Elyvilon.
  8364 | D:9      | Reached XP level 10. HP: 70/94 MP: 13/13
  8477 | D:9      | Found Betoul's Demolitions Depot.
  8823 | D:9      | Found Wicujie's Armour Boutique.
  8826 | D:9      | Bought a +1 pair of gloves of dexterity for 231 gold pieces
  8980 | D:10     | Entered Level 10 of the Dungeon
  9026 | D:10     | Noticed a deep elf pyromancer
  9026 | D:10     | Noticed a deep elf pyromancer
  9038 | D:10     | Noticed a two-headed ogre
  9053 | D:10     | Killed a two-headed ogre
  9136 | Lair:1   | Entered Level 1 of the Lair of Beasts
  9295 | Lair:1   | Noticed a cane toad
  9302 | Lair:1   | Noticed a black mamba
  9613 | Lair:1   | Killed a black mamba
  9614 | Lair:1   | Reached skill level 6 in Invocations
  9634 | Lair:1   | Killed a cane toad
 10104 | Lair:1   | Noticed Gastronok
 10130 | Lair:1   | Reached skill level 10 in Stealth
 10130 | Lair:1   | Reached XP level 11. HP: 63/103 MP: 15/15
 10177 | Lair:1   | Killed Gastronok
 10430 | Lair:1   | Reached skill level 10 in Fighting
 10508 | Lair:1   | Reached skill level 7 in Invocations
 10522 | Lair:1   | Reached skill level 1 in Evocations
 10537 | Lair:1   | Reached skill level 10 in Short Blades
 11022 | Lair:2   | Noticed a death yak
 11022 | Lair:2   | Noticed a death yak
 11022 | Lair:2   | Noticed a death yak
 11022 | Lair:2   | Noticed a death yak
 11022 | Lair:2   | Noticed a death yak
 11023 | Lair:2   | Killed a death yak
 11024 | Lair:2   | Reached skill level 8 in Invocations
 11025 | Lair:2   | Killed a death yak
 11050 | Lair:1   | Killed a death yak
 11050 | Lair:1   | Killed a death yak
 11050 | Lair:1   | Killed a death yak
 11051 | Lair:1   | Reached skill level 9 in Invocations
 11051 | Lair:1   | Reached XP level 12. HP: 70/113 MP: 18/18
 11835 | Lair:2   | Noticed an eight-headed hydra
 11841 | Lair:2   | Noticed Erica
 11848 | Lair:2   | Killed an eight-headed hydra
 11849 | Lair:2   | Killed Erica
 11850 | Lair:2   | Reached skill level 10 in Invocations
 11855 | Lair:2   | Reached skill level 5 in Evocations
 12282 | Lair:3   | Noticed a death yak
 12343 | Lair:3   | Noticed a seven-headed hydra
 12347 | Lair:3   | Killed a seven-headed hydra
 12348 | Lair:3   | Reached skill level 1 in Long Blades
 12348 | Lair:3   | Found a hole to the Spider Nest.
 12732 | Lair:3   | Identified the +2 morningstar of Gallantry {vorpal, Str+5}
 12804 | Lair:3   | Noticed a death yak
 12805 | Lair:3   | Noticed a death yak
 12850 | Lair:3   | Killed a death yak
 13173 | Lair:3   | Noticed a death yak
 13174 | Lair:3   | Noticed a death yak
 13174 | Lair:3   | Noticed a death yak
 13223 | Lair:3   | Killed a death yak
 13230 | Lair:3   | Killed a death yak
 13231 | Lair:3   | Killed a death yak
 13232 | Lair:3   | Reached skill level 11 in Invocations
 13576 | Lair:2   | Killed a death yak
 13712 | Lair:2   | Killed a death yak
 14106 | Lair:3   | Found a staircase to the Shoals.
 14357 | Lair:4   | Found a hide-covered altar of Uskayaw.
 14433 | Lair:4   | Noticed an eight-headed hydra
 14435 | Lair:4   | Killed an eight-headed hydra
 14673 | Lair:4   | Reached XP level 13. HP: 103/120 MP: 21/21
 14744 | Lair:4   | Reached skill level 1 in Armour
 15336 | Lair:5   | Entered Level 5 of the Lair of Beasts
 15387 | Lair:5   | Found a frozen archway.
 15426 | Lair:5   | Identified the +5 ring mail "Didd" {rPois rN+}
 15439 | IceCv    | Entered an ice cave
 15860 | IceCv    | Reached skill level 5 in Long Blades
 15860 | IceCv    | Reached skill level 12 in Invocations
 16382 | IceCv    | Noticed a frost giant
 16399 | IceCv    | Killed a frost giant
 16616 | IceCv    | Got Coteale's Papyrus of Heat
 17152 | Lair:5   | Reached skill level 5 in Dodging
 17168 | Lair:5   | Reached ****** piety under Uskayaw
 17396 | Lair:5   | Reached skill level 5 in Armour
 17489 | Lair:5   | Reached XP level 14. HP: 92/129 MP: 23/23
 17901 | Lair:5   | Reached skill level 13 in Invocations
 18120 | Lair:5   | Found a staircase to the Slime Pits.
 18120 | Lair:5   | Found a viscous altar of Jiyva.
 18337 | Lair:5   | Found a large runed translucent door.
 18337 | Lair:5   | Found a large runed translucent door.
 18772 | Lair:5   | Noticed Morbidden's ghost (adept GnFi)
 20099 | Lair:5   | Found a corrupted altar of Lugonu.
 20100 | Lair:5   | Found a one-way gate to the infinite horrors of the Abyss.
 21169 | D:11     | Reached skill level 14 in Invocations
 21351 | D:11     | Found a staircase to the Orcish Mines.
 21784 | Orc:1    | Entered Level 1 of the Orcish Mines
 22110 | Orc:2    | Entered Level 2 of the Orcish Mines
 22110 | Orc:2    | Found a staircase to the Elven Halls.
 22276 | Orc:2    | Reached XP level 15. HP: 110/134 MP: 25/25
 23093 | Orc:2    | Found Haacokke's Jewellery Shoppe.
 23093 | Orc:2    | Found Nuraivobu's Antique Armour Shop.
 23094 | Orc:2    | Found Eduumy's Book Boutique.
 23094 | Orc:2    | Found Vann's Jewellery Shoppe.
 23112 | Orc:2    | Bought a bloodstained scale mail for 288 gold pieces
 23112 | Orc:2    | Identified the +2 scale mail of Kezew {Will+} (You bought
                  | it in a shop on level 2 of the Orcish Mines)
 23114 | Orc:2    | Bought the ring of Reimbursement {rElec rF+ rN+} for 648
                  | gold pieces
 23116 | Orc:2    | Upgraded the game from 0.30-a0-304-gdc4b735fe1 to
                  | 0.30-a0-305-g026cb31310
 23649 | Orc:2    | Found Koshrics's Distillery.
 24092 | D:12     | Noticed Nessos
 24150 | D:12     | Killed Nessos
 25166 | D:13     | Reached skill level 15 in Invocations
 25302 | D:13     | Found Eriker's Antique Armour Shop.
 25311 | D:13     | Bought a runed helmet for 232 gold pieces
 25570 | D:14     | Paralysed by an orc sorcerer for 3 turns
 25868 | D:14     | Found a gate to the Vaults.
 26140 | D:14     | Identified the +10 flail of the Lame Duck {drain, rN+}
 26429 | D:14     | Found a shimmering altar of Xom.
 26431 | D:14     | Found a shimmering altar of Xom.
 26432 | D:14     | Found a shimmering altar of Xom.
 26434 | D:14     | Found a shimmering altar of Xom.
 26434 | D:14     | Found a shimmering altar of Xom.
 26434 | D:14     | Found a shimmering altar of Xom.
 26435 | D:14     | Found a shimmering altar of Xom.
 26676 | D:15     | Entered Level 15 of the Dungeon
 26969 | D:15     | Reached XP level 16. HP: 136/143 MP: 27/27
 27391 | D:15     | Reached skill level 1 in Throwing
 27422 | D:15     | Found a staircase to the Depths.
 27719 | Spider:1 | Entered Level 1 of the Spider Nest
 30577 | Spider:2 | Reached skill level 10 in Armour
 30998 | Spider:2 | Noticed Agnes
 31001 | Spider:2 | Banished Agnes
 31743 | Spider:3 | Noticed Aizul
 32166 | Spider:3 | Banished Aizul
 32347 | Spider:3 | Reached skill level 5 in Throwing
 32347 | Spider:3 | Reached XP level 17. HP: 146/149 MP: 25/28
 32354 | Spider:3 | Noticed Asterion
 32478 | Spider:3 | Reached skill level 16 in Invocations
 33384 | Spider:3 | Killed Asterion
 33598 | Spider:3 | Identified Roxanne's Compilation of Shaping
 33598 | Spider:3 | Noticed Roxanne
 33874 | Spider:4 | Entered Level 4 of the Spider Nest
 34023 | Spider:4 | Reached skill level 1 in Shields
 34150 | Spider:4 | Noticed Bai Suzhen
 34167 | Spider:4 | Killed Bai Suzhen
 34444 | Spider:4 | Slain by an emperor scorpion simulacrum

Illustrated notes

Levels and vault maps discovered:
D:1:      mushboom_english_gardens, layout_basic, serial_shops,
          nicolae_shop_temple_entry_statues_fountains
D:2:      layout_basic, kennysheep_decorative_pillar,
          minmay_misc_feat_secret_circle, minmay_indecisive_spiral
D:3:      minmay_door_path, layout_basic, gammafunk_temple_overflow_wave,
          mainiacjoe_overflow_cross_hatched, serial_shops, shop,
          dreamdust_wishing_well
D:4:      layout_loops_ring, minmay_temple_entry_fiery
D:5:      layout_basic, gammafunk_ghost_hive
D:6:      layout_basic, gammafunk_temple_overflow_arena, uniq_duvessa,
          uniq_grinder
D:7:      layout_basic, grunt_temple_overflow_growth_and_decay,
          grunt_temple_overflow_cloverleaf, david_defended_altar_orc
D:8:      minmay_weird_star, layout_rooms,
          nicolae_gozag_cash_rules_everything_around_me, kennysheep_little_box
D:9:      wander_river, layout_rooms, mainiacjoe_overflow_large_starburst,
          lair_entry_dummy, serial_shops, kennysheep_mini,
          nicolae_blasting_shop, nicolae_figureground_sparkle
D:10:     minmay_chambers_of_sevens, layout_rooms, st_stairs_6, grunt_tough_drop
D:11:     layout_cave_pools, kennysheep_orc_monster_closet_entryway
D:12:     layout_loops_cross, hangedman_weighted_door, columned_hall_lemuel,
          uniq_nessos
D:13:     layout_cross, serial_shops, nicolae_stop_n_shop_1,
          serial_column_ruins, column_ruins_hut_pillars, column_ruins_hut,
          column_ruins_open_small, column_ruins_open_medium,
          column_ruins_corridor_straight, column_ruins_corridor_dead_end,
          column_ruins_open_tiny
D:14:     layout_rooms, grunt_vaults_entry_fortified, xom_redecorated
D:15:     gammafunk_enter_depths_forms, layout_basic, serial_park_gazebo
          [serial_park_minivault_5x5_4]
Temple:   hellmonk_temple_beads
Lair:1:   layout_roguey, lemuel_old_faithful, lemuel_fruit_fields,
          uniq_gastronok
Lair:2:   layout_misc_corridors, worms_lemuel, grunt_megastairs_1,
          serial_bayou_shore_b, uniq_erica
Lair:3:   layout_hall_layers, elwin_shoals_entry_rooms, spider_nest_entry_rubble
Lair:4:   pond_and_an_island_with_a_cottage, layout_regular_city, basic_altar,
          grunt_megastairs_2
Lair:5:   hellmonk_lair_end_abyssal_woods, layout_regular_city, slime_entry_1,
          portal_ice_cave_entry_ice_simulacra, ebering_ghost_disaster_area
Spider:1: layout_spider_delve
Spider:2: layout_cave_pods, uniq_agnes
Spider:3: layout_spider_delve, uniq_roxanne, uniq_asterion, uniq_aizul
Spider:4: grunt_spider_rune_circles, uniq_bai_suzhen
Orc:1:    layout_caves, nicolae_orc_crystal_geode
Orc:2:    st_orc_ogre_mass, layout_caves, serial_shops, nicolae_lakefront_shop

Skill      XL: |  1  2  3  4  5  6  7  8  9 10 11 12 13 14 15 16 17 |
---------------+----------------------------------------------------+-----
Short Blades   | 2 3 4 5 6 7 9 10 12 13 | 13.4
Fighting       | 3 4 5 6 8 9 10 | 10.0
Dodging        | 2 5 7 8 9 |  9.6
Stealth        | 6 7 8 10 11 12 | 12.5
Invocations    | 1 2 3 5 6 9 11 12 14 15 16 | 16.0
Evocations     | 3 6 8 |  8.9
Long Blades    | 4 5 6 |  6.7
Armour         | 5 7 9 10 | 10.5
Throwing       | 5 6 |  6.2
Shields        | 3 |  3.1

Action                   |  1- 3 |  4- 6 |  7- 9 | 10-12 | 13-15 | 16-18 || total
-------------------------+-------+-------+-------+-------+-------+-------++-------
Melee: Short sword       |    45 |   182 |   326 |   617 |   639 |       ||  1809
       Tailslap          |     7 |    21 |    52 |   104 |   304 |   130 ||   618
       Punch             |     1 |     1 |     4 |    10 |    22 |    14 ||    52
       Scimitar          |       |       |     9 |       |   101 |       ||   110
       Rapier            |       |       |       |       |   696 |   684 ||  1380
Throw: Boomerang         |       |       |       |     9 |     2 |    34 ||    45
Invok: Grand Finale      |       |       |       |       |       |     1 ||     1
       Stomp             |       |       |       |       |       |     4 ||     4
Evoke: Wand              |     1 |       |     1 |     6 |    16 |     2 ||    26
       Piece from Xom's  |       |       |       |       |       |     2 ||     2
  Use: Scroll            |     1 |    11 |     5 |    12 |    11 |     4 ||    44
       Potion            |     1 |       |       |    14 |     3 |     4 ||    22
 Stab: Sleeping          |     1 |    22 |    16 |    21 |    62 |    43 ||   165
       Distracted        |       |     1 |       |     4 |     3 |     4 ||    12
       Paralysed         |       |       |    13 |    35 |    99 |    48 ||   195
       Invisible         |       |       |       |     8 |       |       ||     8
       Held in net/web   |       |       |       |     2 |       |       ||     2
Armor: Leather armour    |     9 |     9 |   100 |   145 |    24 |       ||   287
       Scale mail        |       |    17 |       |       |       |       ||    17
       Skin              |       |       |       |     1 |       |       ||     1
       Ring mail         |       |       |       |       |   511 |   399 ||   910
Dodge: Dodged            |    17 |   101 |   188 |   247 |   785 |   443 ||  1781
Block: Kite shield       |       |       |       |       |       |    37 ||    37

Table legend: (Time is in decaauts)
 A = Elapsed time spent in this place.
 B = Non-inter-level travel time spent in this place.
 C = Inter-level travel time spent in this place.
 D = Time resting spent in this place.
 E = Time spent auto-exploring this place.
 F = Levels seen in this place.
 G = Mean time per level.
                   A        B        C        D        E       F      G
               +--------+--------+--------+--------+--------+-----+--------+
         Total |  33151 |  31685 |   1466 |   7596 |  18586 |  28 | 1184.0 |
       Dungeon |  13971 |  13306 |    665 |   1837 |   9165 |  15 |  931.4 |
        Temple |    110 |    110 |      0 |      0 |     91 |   1 |  110.0 |
          Lair |   9527 |   9129 |    398 |   2924 |   4626 |   5 | 1905.4 |
   Spider Nest |   6148 |   5817 |    331 |   1832 |   3012 |   4 | 1537.0 |
  Orcish Mines |   1880 |   1809 |     71 |    686 |    783 |   2 |  940.0 |
      Ice Cave |   1512 |   1512 |      0 |    316 |    909 |   1 | 1512.0 |
               +--------+--------+--------+--------+--------+-----+--------+

Top non-repeatable levels by time:
  Lair:5: 2836 daAuts
Spider:2: 2289 daAuts
  Lair:3: 1948 daAuts
  Lair:1: 1942 daAuts
Spider:1: 1877 daAuts
   IceCv: 1512 daAuts
  Lair:2: 1469 daAuts
Spider:3: 1440 daAuts
  Lair:4: 1329 daAuts
     D:9: 1204 daAuts
   Orc:1: 1164 daAuts
     D:4: 1142 daAuts
     D:6: 1121 daAuts
    D:14: 1112 daAuts
     D:5: 1100 daAuts
